 Dungeon Crawl Stone Soup version 0.22.1-1-ga44c0e5 (webtiles) character file.

237759 multistability the Executioner (level 19, -3/183 HPs)
             Began as a Minotaur Fighter on Oct 16, 2018.
             Was a High Priest of Okawaru.
             Splashed by a lich's acid (13 damage)
             ... on level 5 of the Depths on Oct 18, 2018.
             The game lasted 02:53:40 (35572 turns).

multistability the Executioner (Minotaur Fighter)  Turns: 35572, Time: 02:53:41

Health: -3/183     AC: 38    Str: 27    XL:     19   Next: 31%
Magic:  18/23      EV:  9    Int: 15    God:    Okawaru [*****.]
Gold:   287        SH:  0    Dex: 10    Spells: 7/18 levels left

rFire    + . .     SeeInvis +   k - +8 battleaxe of the Turnip {chop, *Contam rPois SInv Stlth+}
rCold    + + .     Gourm    .   (shield currently unavailable)
rNeg     + + .     Faith    .   v - +1 gold dragon scales of the Hills {rElec rPois rF+ rC+ rN+}
rPois    +         Spirit   .   r - +0 hat "Moresoro" {Str+4 Int+2 Stlth+}
rElec    +         Reflect  .   u - +2 cloak {MR+}
rCorr    .         Harm     .   D - +0 pair of gloves of Heresy {Int+2}
MR       ++...                  e - +0 pair of boots of Pride {rN+}
Stlth    ..........             w - amulet of regeneration
HPRegen  0.80/turn              J - ring "Fisoc" {rElec rC+ AC+3 Slay+2}
MPRegen  0.18/turn              M - ring of wizardry

@: about to teleport, heroism, finesse
A: retaliatory headbutt, horns 2, blurry vision 1
a: Heroism, Finesse, Renounce Religion


You were on level 5 of the Depths.
You worshipped Okawaru.
Okawaru was extremely pleased with you.
You were not hungry.

You visited 6 branches of the dungeon, and saw 30 of its levels.
You also visited: Ossuary.

You collected 2938 gold pieces.
You spent 2651 gold pieces at shops.

Inventory:

Hand Weapons
 k - the +8 battleaxe of the Turnip (weapon) {chop, *Contam rPois SInv Stlth+}
   (Okawaru gifted it to you on level 2 of the Orcish Mines)

   It inflicts extra damage upon your enemies.
   It protects you from poison.
   It lets you see invisible.
   It causes magical contamination when unequipped.
   It makes you more stealthy.
Armour
 e - the +0 pair of boots of Pride (worn) {rN+}
   (You found it on level 5 of the Dungeon)

   It protects you from negative energy.
 r - the +0 hat "Moresoro" (worn) {Str+4 Int+2 Stlth+}
   (You acquired it on level 5 of the Lair of Beasts)

   It affects your strength (+4).
   It affects your intelligence (+2).
   It makes you more stealthy.
 u - a +2 cloak of magic resistance (worn)
 v - the +1 gold dragon scales of the Hills (worn) {rElec rPois rF+ rC+ rN+}
   (Okawaru gifted it to you on level 2 of the Depths)

   It protects you from fire.
   It protects you from cold.
   It insulates you from electricity.
   It protects you from poison.
   It protects you from negative energy.
 D - the +0 pair of gloves of Heresy (worn) {Int+2}
   (Okawaru gifted it to you on level 1 of the Spider Nest)

   It affects your intelligence (+2).
 L - a +0 pair of boots of stealth
 R - a +2 hat of see invisible
Jewellery
 w - an amulet of regeneration (around neck)
 G - an uncursed ring of resist corrosion
 I - an uncursed ring of protection from cold
 J - the ring "Fisoc" (left hand) {rElec rC+ AC+3 Slay+2}
   (You bought it in a shop on level 2 of the Orcish Mines)

   [ring of protection]

   It affects your AC (+3).
   It affects your accuracy and damage with ranged weapons and melee attacks
   (+2).
   It protects you from cold.
   It insulates you from electricity.
 M - a ring of wizardry (right hand)
 W - an uncursed ring of protection from magic
 Y - a +3 amulet of reflection
Wands
 a - a wand of polymorph (60)
 j - a wand of scattershot (5)
 n - a wand of iceblast (14)
 z - a wand of acid (28)
 B - a wand of enslavement (26)
 O - a wand of paralysis (32)
 P - a wand of digging (12)
 T - a wand of flame (21)
 V - a wand of clouds (5)
Scrolls
 c - a scroll of enchant armour
 l - 7 scrolls of teleportation
 m - a scroll of enchant weapon
 p - 9 scrolls of remove curse
 y - a scroll of brand weapon {unknown}
 F - 6 scrolls of amnesia
 Q - 7 scrolls of identify
 U - 5 scrolls of fear
 X - a scroll of magic mapping
Potions
 b - 3 potions of magic
 d - 5 potions of might
 g - 5 potions of agility
 h - 12 potions of curing
 i - 6 potions of lignification
 o - 4 potions of brilliance
 s - 3 potions of haste
 x - 2 potions of invisibility
 A - a potion of cancellation
 H - a potion of heal wounds
 K - 3 potions of flight
 N - a potion of resistance
Miscellaneous
 q - a lightning rod (4/4)
 t - a phial of floods
 C - a lightning rod (4/4)
Comestibles
 f - 26 rations


   Skills:
 * Level 19.3(24.3) Fighting
 - Level 21.0(26.0) Axes
 - Level 20.0(25.0) Armour
   Level 3.6(8.6) Shields
 - Level 6.0 Hexes
 - Level 6.0 Charms
 - Level 9.2 Translocations
 - Level 7.1 Invocations


You had 7 spell levels left.
You knew the following spells:

 Your Spells              Type           Power        Failure   Level  Hunger
a - Spectral Weapon       Hex/Chrm       ###.....     21%         3    ####...
b - Song of Slaying       Chrm           ###.....     11%         2    ###....
c - Infusion              Chrm           ###.         7%          1    ##.....
d - Tukima's Dance        Hex            ###.....     21%         3    ####...
e - Blink                 Tloc           N/A          2%          2    ###....

Your spell library contained the following spells:

 Spells                   Type           Power        Failure   Level  Hunger
 Apportation              Tloc           ####..       1%          1    ##.....
 Shroud of Golubria       Chrm/Tloc      ###.......   6%          2    ###....
 Gell's Gravitas          Tloc           ####......   6%          3    ####...
 Lesser Beckoning         Tloc           ####......   6%          3    ####...
 Teleport Other           Tloc           ####....     6%          3    ####...
 Confusing Touch          Hex            ###...       7%          1    ##.....
 Corona                   Hex            ###....      7%          1    ##.....
 Passage of Golubria      Tloc           N/A          17%         4    #####..
 Confuse                  Hex            ###.....     21%         3    ####...
 Ensorcelled Hibernation  Hex/Ice        #.....       32%         2    ###....
 Dazzling Spray           Conj/Hex       #.....       54%         3    ####...
 Inner Flame              Hex/Fire       #.......     54%         3    ####...
 Regeneration             Chrm/Necr      #.........   54%         3    ####...
 Animate Skeleton         Necr           N/A          58%         1    ##.....
 Flame Tongue             Conj/Fire      #....        58%         1    ##.....
 Sting                    Conj/Pois      #...         58%         1    ##.....
 Summon Small Mammal      Summ           #...         58%         1    ##.....
 Poisonous Vapours        Pois/Air       #.....       73%         2    ###....
 Throw Flame              Conj/Fire      #.....       73%         2    ###....
 Conjure Flame            Conj/Fire      #.......     91%         3    ####...
 Mephitic Cloud           Conj/Pois/Air  #.......     91%         3    ####...
 Static Discharge         Conj/Air       #.......     91%         3    ####...
 Metabolic Englaciation   Hex/Ice        #.........   99%         5    ######.
 Yara's Violent Unravell  Hex/Tmut       #.........   99%         5    ######.
 Olgreb's Toxic Radiance  Pois           #.......     100%        4    #####..
 Petrify                  Tmut/Erth      #.......     100%        4    #####..
 Sticky Flame             Conj/Fire      #.......     100%        4    #####..
 Fireball                 Conj/Fire      #.........   100%        5    ######.
 Lee's Rapid Deconstruct  Erth           #.........   100%        5    ######.
 Lightning Bolt           Conj/Air       #.........   100%        5    ######.
 Venom Bolt               Conj/Pois      #.........   100%        5    ######.
 Deflect Missiles         Chrm/Air       #.........   100%        6    #######
 Iron Shot                Conj/Erth      #.........   100%        6    #######
 Malign Gateway           Summ/Tloc      ##........   100%        7    #######
 Monstrous Menagerie      Summ           #.........   100%        7    #######
 Summon Greater Demon     Summ           #.........   100%        7    #######
 Ignition                 Fire           #.........   100%        8    #######
 Summon Horrible Things   Summ           #.........   100%        8    #######
 Shatter                  Erth           #.........   100%        9    #######
 Tornado                  Air            #.........   100%        9    #######


Dungeon Overview and Level Annotations

Branches:
Dungeon (15/15)            Temple (1/1) D:4            Lair (6/6) D:8
 Shoals (0/4) Lair:2       Spider (1/4) Lair:2        Slime (0/5) Lair:5
    Orc (2/2) D:9             Elf (0/3) Orc:2        Vaults (0/5) D:13
 Depths (5/5) D:15
    Zot: Depths:5

Altars:
Ashenzari
Gozag
Hepliaklqana
Makhleb
Okawaru
Qazlal
Trog
Zin
The Shining One
Beogh

Shops:
D:5 *   D:9 ([   D:10 [   D:14 %(   Orc:1 =?:   Orc:2 =(?(:   Depths:3 =

Portals:
Hell: Depths:1 Depths:2 Depths:3 Depths:4
Abyss: Depths:1 Depths:4
Pandemonium: Depths:1 Depths:2 Depths:3
Ziggurat: Depths:4
Trove: D:12 (give 7 scrolls of blinking)

Annotations:
D:5 1 runed door
D:8 3 runed doors, Kay's ghost, novice TrMo
Lair:4 exclusion: 3 oklob plants


Innate Abilities, Weirdness & Mutations

You reflexively headbutt those who attack you in melee.
You have a pair of horns on your head.
Scrolls take you a little longer to read.


Message History

You kill the glowing orange brain!
Okawaru accepts your kill.
Your gold dragon scales of the Hills prevents you from hitting the shadow You slice the shadow wraith!!
You destroy the shadow wraith!
The stone giant hits you but does no damage.
A stone giant comes into view.
The tengu reaver hits the plant with a great sword!
The tengu reaver pecks the plant but does no damage.
The tengu reaver claws the plant but does no damage.
You slice the stone giant!!
The stone giant is moderately wounded.
You slice the vampire!!
You destroy the vampire!
You slice the tentacled monstrosity!! The lich casts a spell at you.
The bolt of acid hits you!
* * * LOW HITPOINT WARNING * * *
You are splashed with acid!
The acid burns!
You die...

#### ##..# #<.#
..#... # ##...
...... #. #....
......
.#..#...##......
........#.....
P≈P≈≈.)[#..#
≈≈≈PV.n[[..#
≈*QP..)[@<##
P≈PP≈..#CX#
≈≈PL.W.#....
≈≈≈≈..........
P≈≈≈P......<...C
P≈≈≈........#.##
≈≈≈≈≈...#......#
P≈...##....##


You could see a tentacled monstrosity, 2 stone giants, a tengu reaver, a lich, a
vampire mage, a shadow wraith (invisible), a necrophage and a battlesphere.

Vanquished Creatures
  A juggernaut (Depths:3)
  Mennas (Depths:4)
  Sojobo (Depths:1)
  Rupert (Lair:5)
  A tentacled monstrosity (Depths:4)
  Gastronok (Lair:1)
  A sphinx (Depths:3)
  A storm dragon (Depths:5)
  2 tengu reavers (Depths:1)
  10 frost giants
  2 fire giants
  A daeva (Depths:4)
  An orc warlord (Orc:1)
  A caustic shrike zombie (Depths:4)
  An iron dragon (Depths:2)
  An angel (Depths:4)
  A juggernaut skeleton (Depths:4)
  22 very ugly things
  2 spriggan defenders (Depths:3)
  14 stone giants
  A lorocyproca (Depths:2)
  3 vampire knights
  6 spark wasps
  12 ettins
  Snorg (Lair:5)
  A quicksilver dragon zombie (Depths:4)
  A merfolk javelineer (Depths:3)
  2 jiangshi (Depths:3)
  2 merfolk impalers
  5 fire dragons
  The ghost of Veehecw the Cleaver, a journeyman NaGl of Cheibriados (Lair:1)
  5 great orbs of eyes
  5 ice dragons
  Erolcha (D:12)
  9 hydras
  6 spriggan air magi
  4 rakshasas
  2 death knights
  18 two-headed ogres
  2 centaur warriors
  5 ogre magi
  3 tengu warriors
  7 deep troll earth magi
  A death yak (Lair:4)
  6 deep troll shamans
  5 spriggan berserkers
  4 vampire magi
  5 hell knights (Depths:4)
  Sonja (Lair:6)
  A storm dragon zombie (Depths:2)
  A sixfirhy (Depths:2)
  A golden dragon zombie (Depths:4)
  17 deep trolls
  3 glowing orange brains
  7 unseen horrors
  An unseen horror (shapeshifter) (D:13)
  2 wizards
  3 flayed ghosts
  4 orc knights
  A phantasmal warrior (D:13)
  3 deep elf magi
  2 lindwurms
  3 necromancers
  9 wolf spiders (Spider:1)
  25 ugly things
  4 orc sorcerers
  An orb spider (shapeshifter) (Depths:1)
  6 cyclopes
  2 salamanders (Depths:3)
  5 elephants
  A stone giant zombie (Depths:2)
  4 manticores
  Maurice (D:10)
  Joseph (D:7)
  6 black mambas
  An elephant (shapeshifter) (Depths:2)
  A smoke demon (Depths:2)
  3 molten gargoyles (Lair:6)
  2 gargoyles
  9 spiny frogs
  An orange demon (Depths:2)
  A merfolk siren (Lair:2)
  2 centaur skeletons (D:15)
  A frost giant skeleton (Depths:2)
  3 freezing wraiths (D:13)
  An ice devil (Depths:2)
  A rime drake (shapeshifter) (Depths:3)
  12 komodo dragons
  2 demonic crawlers (Spider:1)
  3 rime drakes
  A komodo dragon (shapeshifter) (Depths:2)
  8 yaktaurs
  A queen bee (Lair:4)
  6 tengu conjurers
  A wind drake (shapeshifter) (Depths:2)
  11 trolls
  3 jumping spiders (Spider:1)
  6 meliai
  A blink frog (shapeshifter) (Depths:2)
  5 slime creatures
  7 hornets
  2 hippogriffs (shapeshifter)
  16 blink frogs
  3 large abominations (Depths:1)
  7 dream sheep (Lair:6)
  A dream sheep (shapeshifter) (D:15)
  8 hippogriffs
  3 tarantellas (Spider:1)
  8 redbacks (Spider:1)
  A spriggan (shapeshifter) (Depths:2)
  6 spriggans
  Sigmund (D:6)
  2 tarantellas (shapeshifter)
  7 wyverns
  Eustachio (D:5)
  5 water elementals
  9 basilisks
  2 fire elementals (Depths:3)
  2 steam dragons (Lair:6)
  2 wraiths
  29 yaks
  2 hungry ghosts
  5 wargs
  2 chaos spawn (Depths:1)
  4 small abominations (Depths:1)
  14 water moccasins
  3 acid dragons
  5 hell hounds (Lair:6)
  4 porcupines
  8 hydra simulacra (Depths:3)
  2 soldier ants (D:8)
  11 ice beasts
  21 orc warriors
  7 sky beasts
  2 black bears
  A swamp drake (D:8)
  A black bear (shapeshifter) (Depths:1)
  27 ogres
  An eye of draining (shapeshifter) (Depths:1)
  3 phantoms
  An eye of draining (D:12)
  3 boggarts (Depths:3)
  7 wolves
  11 centaurs
  18 crocodiles
  Blork the orc (D:5)
  16 bullfrogs
  A gnoll sergeant (D:9)
  A hornet simulacrum (D:14)
  4 scorpions
  36 killer bees
  A water moccasin skeleton (D:10)
  2 electric eels
  13 wights
  8 howler monkeys
  5 lava snakes (Lair:6)
  7 crimson imps
  2 centaur zombies
  3 hounds
  8 jellies
  3 bullfrog zombies
  A gnoll shaman (D:7)
  4 bullfrog skeletons
  17 orc priests
  3 iguanas
  6 hell rats (Lair:2)
  23 orc wizards
  20 worker ants
  A killer bee zombie (D:10)
  5 big kobold zombies (Ossuary)
  2 mummies
  A hound skeleton (D:5)
  A worker ant zombie (D:7)
  2 howler monkey zombies
  9 adders
  15 gnolls
  3 shadow imps
  A white imp (Depths:1)
  2 oozes
  2 adder zombies
  4 worms
  A dart slug (D:2)
  3 leopard geckos
  81 orcs
  2 spectral bats (Ossuary)
  8 giant cockroaches
  7 gnoll zombies (Ossuary)
  4 goblins
  6 hobgoblins
  6 jackals
  4 quokkas
  A ball python (D:7)
  A ball python zombie (D:5)
  A bat (D:1)
  4 frilled lizards
  2 goblin simulacra (Ossuary)
  4 goblin zombies (Ossuary)
  6 hobgoblin zombies (Ossuary)
  A jackal skeleton (D:4)
  7 kobolds
  3 kobold simulacra (Ossuary)
  4 kobold zombies
  A leopard gecko skeleton (D:6)
  A leopard gecko zombie (D:6)
  6 orc zombies
  4 quokka skeletons
  6 rats
  6 rat simulacra (Ossuary)
  2 spectral goblins (Ossuary)
  6 spectral kobolds (Ossuary)
  2 spectral rats (Ossuary)
  3 fungi
  A plant (Lair:6)
1102 creatures vanquished.

Vanquished Creatures (others)
  A fire giant (Depths:2)
  A tengu conjurer (D:13)
  A water elemental (Depths:3)
  14 fungi
  13 plants
  A spectral weapon (Depths:1)
31 creatures vanquished.

Grand Total: 1133 creatures vanquished

Notes
Turn   | Place    | Note
-------+----------+-------------------------------------------
     0 | D:1      | multistability the Minotaur Fighter began the quest for the
                  | Orb.
     0 | D:1      | Reached XP level 1. HP: 19/19 MP: 0/0
   149 | D:1      | Reached skill level 3 in Axes
   149 | D:1      | Reached XP level 2. HP: 17/26 MP: 1/1
   438 | D:1      | Reached skill level 4 in Axes
   743 | D:2      | Reached XP level 3. HP: 22/31 MP: 2/2
  1286 | D:2      | Reached skill level 5 in Axes
  1417 | D:2      | Reached XP level 4. HP: 33/39 MP: 3/3
  2081 | D:3      | Reached skill level 6 in Axes
  2086 | D:3      | Reached XP level 5. HP: 44/45 MP: 4/4
  2485 | D:4      | Noticed a phantom
  2538 | D:4      | Killed a phantom
  2538 | D:4      | Reached skill level 7 in Axes
  2775 | D:4      | Found a burning altar of Makhleb.
  2779 | D:4      | Reached XP level 6. HP: 49/51 MP: 5/5
  2809 | D:4      | Found a glowing silver altar of Zin.
  3014 | D:4      | Reached skill level 8 in Axes
  3189 | D:4      | Found a staircase to the Ecumenical Temple.
  3196 | Temple   | Entered the Ecumenical Temple
  3203 | Temple   | Became a worshipper of Warmaster Okawaru
  3541 | D:5      | Entered Level 5 of the Dungeon
  3552 | D:5      | Noticed Blork the orc
  3566 | D:5      | Killed Blork the orc
  3695 | D:5      | Found an opulent altar of Gozag.
  3772 | D:5      | Found a runed door.
  3783 | D:5      | Reached skill level 9 in Axes
  3967 | D:5      | Found a runed door.
  3975 | D:5      | Reached XP level 7. HP: 54/57 MP: 6/6
  3982 | D:5      | Reached * piety under Okawaru
  3998 | D:5      | Reached skill level 10 in Axes
  4475 | D:5      | Got a pair of distressingly furry boots
  4481 | D:5      | Identified the cursed +0 pair of boots of Pride {rN+} (You
                  | found it on level 5 of the Dungeon)
  4501 | D:5      | Found Foinorch's Assorted Antiques.
  4504 | D:5      | Bought a scroll labeled NUOPSA PAUH for 26 gold pieces
  4504 | D:5      | Bought a scroll labeled NOMOWEIXUGH for 26 gold pieces
  4504 | D:5      | Bought a scroll of teleportation for 78 gold pieces
  4785 | D:5      | Reached skill level 11 in Axes
  4818 | D:5      | Noticed Eustachio
  4825 | D:5      | Killed Eustachio
  4825 | D:5      | Reached ** piety under Okawaru
  4825 | D:5      | Reached XP level 8. HP: 62/64 MP: 7/7
  5107 | D:6      | Reached skill level 12 in Axes
  5179 | D:6      | Found a sand-covered staircase.
  5185 | Ossuary  | Entered an ossuary
  5708 | D:6      | Found a shattered altar of Ashenzari.
  5715 | D:6      | Reached skill level 13 in Axes
  5770 | D:6      | Noticed Sigmund
  5775 | D:6      | Killed Sigmund
  5775 | D:6      | Reached *** piety under Okawaru
  5775 | D:6      | Reached skill level 5 in Fighting
  6033 | D:7      | Reached XP level 9. HP: 75/75 MP: 8/8
  6141 | D:7      | Noticed Joseph
  6150 | D:7      | Killed Joseph
  6244 | D:7      | Reached **** piety under Okawaru
  6463 | D:7      | Received a gift from Okawaru
  6489 | D:7      | Reached skill level 10 in Fighting
  6748 | D:7      | Found a bloodstained altar of Trog.
  6806 | D:7      | Reached skill level 5 in Armour
  7096 | D:8      | Found a burning altar of Makhleb.
  7206 | D:8      | Noticed a komodo dragon
  7211 | D:8      | Killed a komodo dragon
  7211 | D:8      | Reached XP level 10. HP: 72/93 MP: 9/9
  7284 | D:8      | Received a gift from Okawaru
  7333 | D:8      | Found a staircase to the Lair.
  7453 | D:8      | Found a runed gate.
  7453 | D:8      | Found a runed gate.
  7458 | D:8      | Found a runed gate.
  7458 | D:8      | Noticed Kay's ghost (novice TrMo)
  8063 | D:9      | Found Sittigu's Armour Emporium.
  8067 | D:9      | Reached ***** piety under Okawaru
  8105 | D:9      | Reached skill level 14 in Axes
  8109 | D:9      | Found a staircase to the Orcish Mines.
  8110 | D:9      | Found Amyhist's Weapon Emporium.
  8937 | D:10     | Entered Level 10 of the Dungeon
  9024 | D:10     | Noticed a cyclops
  9030 | D:10     | Killed a cyclops
  9030 | D:10     | Received a gift from Okawaru
  9080 | D:10     | Noticed a gargoyle
  9084 | D:10     | Killed a gargoyle
  9084 | D:10     | Reached skill level 15 in Axes
  9245 | D:10     | Reached XP level 11. HP: 85/99 MP: 10/10
  9299 | D:10     | Noticed Maurice
  9313 | D:10     | Killed Maurice
  9385 | D:10     | Found Kuprov's Antique Armour Shoppe.
  9704 | D:11     | Reached skill level 16 in Axes
  9798 | D:11     | Noticed a two-headed ogre
  9804 | D:11     | Killed a two-headed ogre
 10564 | Lair:1   | Entered Level 1 of the Lair of Beasts
 10677 | Lair:1   | Identified a scroll of acquirement
 10678 | Lair:1   | Got a translucent buckler
 11057 | Lair:1   | Noticed Gastronok
 11067 | Lair:1   | Reached skill level 17 in Axes
 11072 | Lair:1   | Killed Gastronok
 11605 | Lair:1   | Found a runed door.
 11618 | Lair:1   | Noticed Veehecw's ghost (journeyman NaGl)
 11634 | Lair:1   | Killed Veehecw's ghost
 11634 | Lair:1   | Reached skill level 18 in Axes
 12301 | Lair:2   | Noticed an eight-headed hydra
 12336 | Lair:3   | Received a gift from Okawaru
 12337 | Lair:3   | Got an ancient buckler {god gift}
 12382 | Lair:3   | Found a hazy altar of Hepliaklqana.
 12479 | Lair:3   | Reached XP level 12. HP: 106/106 MP: 11/11
 12944 | Lair:4   | Reached skill level 10 in Armour
 13025 | Lair:4   | Reached ****** piety under Okawaru
 13310 | Lair:4   | Received a gift from Okawaru
 13764 | Lair:4   | Noticed a six-headed hydra
 13850 | Lair:4   | Reached skill level 1 in Invocations
 14066 | Lair:5   | Noticed a seven-headed hydra
 14099 | Lair:5   | Noticed Snorg
 14101 | Lair:5   | Received a gift from Okawaru
 14164 | Lair:5   | Noticed Rupert
 14173 | Lair:5   | HP: 1/106 [Rupert/battleaxe of electrocution (17)]
 14175 | Lair:5   | Killed Rupert
 14606 | Lair:5   | Reached XP level 13. HP: 113/113 MP: 15/15
 14619 | Lair:5   | Killed Snorg
 14687 | Lair:5   | Reached skill level 5 in Invocations
 14694 | Lair:5   | Received a gift from Okawaru
 14792 | Lair:5   | Found a staircase to the Slime Pits.
 14873 | Lair:5   | Got a warped hat
 14884 | Lair:5   | Identified the +0 hat "Moresoro" {Str+4 Int+2 Stlth+} (You
                  | acquired it on level 5 of the Lair of Beasts)
 15255 | Lair:5   | Got a warped war axe {god gift}
 15272 | Lair:6   | Entered Level 6 of the Lair of Beasts
 15949 | Lair:6   | Noticed Sonja
 15976 | Lair:6   | Received a gift from Okawaru
 16456 | Lair:6   | Killed Sonja
 16780 | Lair:6   | Got a pair of smoking boots
 16791 | Lair:6   | Identified the -7 pair of boots of Xuprexa {Int+3 SInv}
                  | (You acquired it on level 6 of the Lair of Beasts)
 16844 | Lair:6   | Found a large runed door.
 16845 | Lair:6   | Found a large runed door.
 17540 | Lair:6   | Noticed a fire dragon
 17630 | Lair:6   | Killed a fire dragon
 17630 | Lair:6   | Reached XP level 14. HP: 124/132 MP: 11/18
 18031 | Lair:4   | Received a gift from Okawaru
 18229 | Lair:4   | Reached skill level 19 in Axes
 18389 | Lair:2   | Found a staircase to the Shoals.
 18548 | Lair:2   | Received a gift from Okawaru
 18636 | Lair:2   | Found a hole to the Spider Nest.
 19315 | D:12     | Noticed Erolcha
 19319 | D:12     | Killed Erolcha
 19774 | D:12     | Found a portal to a secret trove of treasure.
 19974 | D:13     | Reached skill level 20 in Axes
 20386 | D:13     | Received a gift from Okawaru
 20399 | D:13     | Got a crude hat {god gift}
 20421 | D:13     | Identified the -5 hat of Zelugiyx {*Contam Int+9} (Okawaru
                  | gifted it to you on level 13 of the Dungeon)
 21275 | D:13     | Found a gate to the Vaults.
 21750 | D:14     | Got a pair of scorched boots
 21761 | D:14     | Identified the cursed -3 pair of boots "Pacheego" {rC-
                  | rCorr SInv} (You found it on level 14 of the Dungeon)
 21786 | D:14     | Found Ure Peth's Food Emporium.
 21800 | D:14     | Found Rukk's Weapon Shoppe.
 21874 | D:14     | Reached skill level 21 in Axes
 22252 | D:14     | Learned a level 3 spell: Spectral Weapon
 22549 | D:14     | Reached skill level 1 in Hexes
 22549 | D:14     | Reached skill level 1 in Charms
 22936 | D:15     | Entered Level 15 of the Dungeon
 23180 | D:15     | Found a staircase to the Depths.
 23194 | D:15     | Reached XP level 15. HP: 139/139 MP: 19/19
 23248 | D:15     | Identified the Catalogue of Boosting Earth
 23385 | D:15     | Received a gift from Okawaru
 24088 | Orc:1    | Entered Level 1 of the Orcish Mines
 24088 | Orc:1    | Found Wamel's Book Shoppe.
 24094 | Orc:1    | Found Igeujid's Magic Scroll Shop.
 24166 | Orc:1    | Found Zaogahae's Jewellery Shop.
 24183 | Orc:1    | Bought a scroll of teleportation for 48 gold pieces
 24183 | Orc:1    | Bought a scroll of fear for 56 gold pieces
 24213 | Orc:1    | Noticed an orc warlord
 24496 | Orc:1    | Killed an orc warlord
 24673 | Orc:1    | Found a roughly hewn altar of Beogh.
 24791 | Orc:2    | Entered Level 2 of the Orcish Mines
 24853 | Orc:2    | Found a roughly hewn altar of Beogh.
 24858 | Orc:2    | Received a gift from Okawaru
 24859 | Orc:2    | Got an ichor-stained battleaxe {god gift}
 24864 | Orc:2    | Identified the +8 battleaxe of the Turnip {chop, *Contam
                  | rPois SInv Stlth+} (Okawaru gifted it to you on level 2 of
                  | the Orcish Mines)
 25043 | Orc:2    | Found Rycamnal's Jewellery Emporium.
 25066 | Orc:2    | Bought the ring "Fisoc" {rElec rC+ AC+3 Slay+2} for 655
                  | gold pieces
 25066 | Orc:2    | Bought an uncursed ring of wizardry for 390 gold pieces
 25541 | Orc:2    | Reached skill level 5 in Charms
 25548 | Orc:2    | Reached skill level 5 in Hexes
 25646 | Orc:2    | Found Xetrycs's Antique Weapon Emporium.
 25782 | Orc:2    | Found Lymin's Book Shoppe.
 25783 | Orc:2    | Found Viteil's Magic Scroll Shop.
 25800 | Orc:2    | Found Cyn Luxt's Antique Weapon Shoppe.
 25936 | Orc:2    | Found a staircase to the Elven Halls.
 26154 | Spider:1 | Entered Level 1 of the Spider Nest
 26159 | Spider:1 | Received a gift from Okawaru
 26196 | Spider:1 | Got a pair of faintly glowing gloves {god gift}
 26207 | Spider:1 | Identified the +0 pair of gloves of Heresy {Int+2} (Okawaru
                  | gifted it to you on level 1 of the Spider Nest)
 26849 | Depths:1 | Entered Level 1 of the Depths
 27064 | Depths:1 | Reached XP level 16. HP: 136/147 MP: 20/20
 27204 | Depths:1 | Found a one-way gate leading to the halls of Pandemonium.
 27289 | Depths:1 | Found a gateway to Hell.
 27652 | Depths:1 | Noticed a tengu reaver
 27653 | Depths:1 | Noticed Sojobo
 27660 | Depths:1 | Killed a tengu reaver
 27660 | Depths:1 | Reached skill level 15 in Armour
 27664 | Depths:1 | Killed Sojobo
 27664 | Depths:1 | Received a gift from Okawaru
 27733 | Depths:1 | Learned a level 2 spell: Song of Slaying
 27736 | Depths:1 | Learned a level 1 spell: Infusion
 27740 | Depths:1 | Learned a level 3 spell: Tukima's Dance
 27973 | Depths:1 | HP: 5/147 [ettin/dire flail (23)]
 28708 | Depths:1 | Found a one-way gate to the infinite horrors of the Abyss.
 28839 | Depths:2 | Reached skill level 15 in Fighting
 29082 | Depths:2 | Received a gift from Okawaru
 29107 | Depths:2 | Got ancient gold dragon scales {god gift}
 29118 | Depths:2 | Identified the +1 gold dragon scales of the Hills {rElec
                  | rPois rF+ rC+ rN+} (Okawaru gifted it to you on level 2 of
                  | the Depths)
 29355 | Depths:2 | Reached XP level 17. HP: 85/158 MP: 21/21
 30098 | Depths:2 | Received a gift from Okawaru
 30438 | Depths:2 | Paralysed by a vampire knight for 5 turns
 30947 | Depths:2 | Learned a level 2 spell: Blink
 31078 | Depths:3 | Reached skill level 1 in Translocations
 31434 | Depths:3 | Reached skill level 5 in Translocations
 31690 | Depths:3 | Received a gift from Okawaru
 31690 | Depths:3 | Reached XP level 18. HP: 90/166 MP: 22/22
 32015 | Depths:3 | Received a gift from Okawaru
 32369 | Depths:3 | Found Geathet's Jewellery Shoppe.
 32377 | Depths:3 | Bought a +3 amulet of reflection for 345 gold pieces
 32892 | Depths:3 | Noticed a juggernaut
 32903 | Depths:3 | Killed a juggernaut
 32903 | Depths:3 | Received a gift from Okawaru
 32938 | Depths:3 | Gained mutation: Scrolls take you a little longer to read.
                  | [mutagenic glow]
 33389 | Orc:1    | Bought a scroll of acquirement for 832 gold pieces
 33520 | D:5      | Bought a scroll of enchant weapon for 195 gold pieces
 33804 | Depths:4 | Found a gateway to a ziggurat.
 34334 | Depths:4 | Noticed a tentacled monstrosity
 34364 | Depths:4 | Killed a tentacled monstrosity
 34364 | Depths:4 | Received a gift from Okawaru
 34564 | Depths:4 | Reached XP level 19. HP: 103/179 MP: 15/23
 34572 | Depths:4 | Noticed Mennas
 34973 | Depths:4 | Killed Mennas
 35543 | Depths:5 | Entered Level 5 of the Depths
 35553 | Depths:5 | Noticed a lich
 35565 | Depths:5 | Received a gift from Okawaru
 35572 | Depths:5 | Splashed by a lich's acid

Skill      XL: |  1  2  3  4  5  6  7  8  9 10 11 12 13 14 15 16 17 18 19 |
---------------+----------------------------------------------------------+-----
Axes           | 3 4 5 6 7 9 11 13 15 18 21 | 21.0
Fighting       | 5 10 14 16 18 19 | 19.3
Armour         | 7 9 13 14 17 20 | 20.0
Invocations    | 4 7 |  7.1
Hexes          | 1 6 |  6.0
Charms         | 1 6 |  6.0
Translocations | 5 9 |  9.2
Shields        | |  3.6

Action                   |  1- 3 |  4- 6 |  7- 9 | 10-12 | 13-15 | 16-18 | 19-21 || total
-------------------------+-------+-------+-------+-------+-------+-------+-------++-------
Melee: War axe           |    80 |   124 |       |       |       |       |       ||   204
       Headbutt          |     9 |    18 |    35 |    61 |   194 |   206 |    11 ||   534
       Battleaxe         |       |    13 |   315 |   492 |   934 |   871 |    85 ||  2710
       Executioner's axe |       |       |       |       |       |     2 |       ||     2
 Cast: Spectral Weapon   |       |       |       |       |       |     3 |       ||     3
       Tukima's Dance    |       |       |       |       |       |     1 |       ||     1
       Song of Slaying   |       |       |       |       |       |     1 |       ||     1
Invok: Heroism           |       |       |       |     2 |     9 |    15 |     2 ||    28
       Finesse           |       |       |       |       |     7 |    15 |     2 ||    24
  Use: Scroll            |       |       |    14 |    24 |    11 |     7 |     2 ||    58
       Potion            |       |       |     1 |     7 |     6 |     2 |       ||    16
 Stab: Confused          |       |       |       |     1 |       |       |       ||     1
  Eat: Ration            |     1 |     2 |     1 |     4 |    10 |     6 |     1 ||    25
       Chunk             |       |     2 |     7 |    10 |     8 |     5 |     1 ||    33
Armor: Scale mail        |    31 |    10 |       |       |       |       |       ||    41
       Plate armour      |       |    46 |   174 |   124 |       |       |       ||   344
       Crystal plate arm |       |       |       |   225 |   779 |     3 |       ||  1007
       Ice dragon scales |       |       |       |       |       |    70 |       ||    70
       Gold dragon scale |       |       |       |       |       |   411 |    68 ||   479
Dodge: Dodged            |    22 |    20 |    77 |   115 |   257 |   182 |    27 ||   700
Block: Shield            |    35 |    43 |       |       |       |       |       ||    78
